 Dungeon Crawl Stone Soup version 0.28.0-53-g5a82cb258f (console) character file.

Game seed: 2547615663351519392

202 erker the Sneak (level 5, -2/31 HPs)
             Began as an Octopode Earth Elementalist on July 22, 2022.
             Was an Initiate of Sif Muna.
             Slain by a scorpion (4 damage)
             ... on level 4 of the Dungeon.
             The game lasted 00:14:08 (3631 turns).

erker the Sneak (Octopode Earth Elementalist)       Turns: 3631, Time: 00:14:09

Health: -2/31      AC:  1    Str:  7    XL:     5   Next: 80%
Magic:  2/8        EV: 13    Int: 20    God:    Sif Muna [......]
Gold:   169        SH:  0    Dex: 12    Spells: 3/8 levels left

rFire   . . .      SeeInvis .   f - +0 dagger
rCold   . . .      Faith    .   (no shield)
rNeg    . . .      Spirit   .   (helmet restricted)
rPois   +          Reflect  .   (no amulet)
rElec   .          Harm     .   q - ring of poison resistance
rCorr   .          Rampage  .   (no ring)
Will    .....                   (no ring)
Stlth   +++.......              (no ring)
HPRegen 0.10/turn               (no ring)
MPRegen 0.11/turn               (no ring)
                                (no ring)
                                (no ring)

@: lethally poisoned (-2 -> -11), very slightly contaminated
A: almost no armour, amphibious, 8 rings, camouflage 1, gelatinous body 1,
(nimble swimmer 1), tentacles
a: Renounce Religion


You were on level 4 of the Dungeon.
You worshipped Sif Muna.
Sif Muna was noncommittal.
You visited 2 branches of the dungeon, and saw 5 of its levels.

You collected 169 gold pieces.

Inventory:

Hand Weapons
 f - a +0 dagger (weapon)
Missiles
 b - 73 stones
 o - 8 poisoned darts
Armour
 l - an orb of light
Jewellery
 q - a ring of poison resistance (left tentacle)
Scrolls
 c - a scroll of amnesia {unknown}
 d - a scroll of torment {unknown}
 g - 6 scrolls of identify {unknown}
 h - a scroll of magic mapping {unknown}
 i - a scroll of fear {unknown}
 m - a scroll of teleportation {unknown}
 n - a scroll of acquirement {unknown}
 r - a scroll of fog {unknown}
Potions
 a - a potion of curing {unknown}
 e - a potion of heal wounds {unknown}
 j - 2 potions of mutation {unknown}
 k - a potion of flight {unknown}
 p - 2 potions of haste {unknown}


   Skills:
 - Level 2.0 Short Blades
 - Level 2.0 Dodging
 - Level 4.0 Stealth
 - Level 2.0 Spellcasting
 + Level 3.7 Transmutations
 - Level 4.0 Earth Magic


You had 3 spell levels left.
You knew the following spells:

 Your Spells              Type           Power      Damage    Failure   Level
a - Sandblast             Erth           36%        2d10      3%          1
b - Blink                 Tloc           4%         N/A       24%         2
w - Passwall              Tmut/Erth      14%        N/A       4%          2

Your spell library contained the following spells:

 Spells                   Type           Power      Damage    Failure   Level
 Stone Arrow              Conj/Erth      20%        3d8       21%         3
 Static Discharge         Conj/Air       2%         N/A       24%         2
 Ignite Poison            Fire/Tmut/Pois 6%         N/A       28%         3
 Conjure Flame            Conj/Fire      2%         6-21      43%         3
 Dazzling Flash           Conj/Hex       4%         N/A       43%         3
 Gell's Gravitas          Tloc           2%         N/A       43%         3
 Teleport Other           Tloc           2%         N/A       43%         3
 Petrify                  Tmut/Erth      17%        N/A       32%         4
 Dispel Undead            Necr           2%         3d7       83%         4
 Iskenderun's Mystic Bla  Conj/Tloc      2%         2d3       83%         4
 Sticky Flame             Conj/Fire      2%         2d3       83%         4
 Manifold Assault         Tloc           2%         N/A       99%         5
 Dispersal                Tloc           1%         N/A       100%        6
 Starburst                Conj/Fire      1%         6d3       100%        6
 Storm Form               Tmut/Air       4%         N/A       100%        7


Dungeon Overview and Level Annotations

Branches:
Dungeon (4/15)             Temple (1/1) D:4

Altars:
Ashenzari
Cheibriados
Dithmenos
Fedhas
Hepliaklqana
Kikubaaqudgha
Makhleb
Nemelex Xobeh
Okawaru
Qazlal
Ru
Sif Muna
Trog
Vehumet
Wu Jian
Xom
Yredelemnul
Zin
The Shining One


Innate Abilities, Weirdness & Mutations

You cannot wear most types of armour.
You are amphibious.
You can wear up to eight rings at the same time.
Your skin changes colour to match your surroundings (Stealth+).
Your rubbery body absorbs attacks. (AC +1, EV +1)
((You are camouflaged when in or above water. (Stealth+)))
You have tentacles for arms and can constrict up to eight enemies at once.


Message History

The scorpion poisons you! The scorpion barely misses you.
Casting: Sandblast (safe; 3% risk of failure)
Confirm with . or Enter, or press ? or * to list all spells.
Aiming: Sandblast (safe; 3% risk of failure)
Press: ? - help, Shift-Dir - straight line, f/p - scorpion
Aim: a scorpion (heavily wounded, 79% to hit)
You miscast Sandblast.
You are very lightly contaminated with residual magic.
Nothing appears to happen.
You feel very sick. The scorpion stings you.
Casting: Sandblast (safe; 3% risk of failure)
Confirm with . or Enter, or press ? or * to list all spells.
Aiming: Sandblast (safe; 3% risk of failure)
Press: ? - help, Shift-Dir - straight line, f/p - scorpion
Aim: a scorpion (heavily wounded, 79% to hit)
The blast of sand hits the scorpion.
The scorpion is severely wounded.
b - 74 stones You feel sick.
The scorpion stings you!
* * * LOW HITPOINT WARNING * * *
You are lethally poisoned!
The scorpion poisons you!
Casting: Sandblast (safe; 3% risk of failure)
Confirm with . or Enter, or press ? or * to list all spells.
Aiming: Sandblast (safe; 3% risk of failure)
Press: ? - help, Shift-Dir - straight line, f/p - scorpion
Aim: a scorpion (severely wounded, 79% to hit)
The blast of sand hits the scorpion.
The scorpion is severely wounded.
b - 73 stones
* * * LOW HITPOINT WARNING * * *
You feel very sick. The scorpion closely misses you.
You hit the scorpion but do no damage. Your grab misses the scorpion.
The scorpion is severely wounded.
* * * LOW HITPOINT WARNING * * *
You feel very sick. The scorpion stings you.
You die...

#......#.####.
#.....).......
##.....####### ###
#.....####...
..####.....#......
#.#..'.....+.≈≈≈≈≈
#.#.##......†≈.§..
#s#.##.....#.≈.###
#@#.########.≈....
#.#.# #.§.#._
#.#.# #.≈.#..
#.#.# #.≈.###
#.#.### #.≈....
#.#...# #.§≈≈≈≈
#.###.# #......
#.# #.# #####..
#.# #.# ###


You could see a scorpion.

Vanquished Creatures
  A water moccasin skeleton (D:2)
  2 hounds (D:4)
  Robin (D:2)
  A gnoll (D:2)
  A worm (D:4)
  3 dart slugs
  2 bats
  4 endoplasms
  4 giant cockroaches
  12 goblins
  9 hobgoblins
  2 jackals (D:2)
  5 kobolds (D:2)
  7 quokkas
  3 ball pythons
  3 frilled lizards
  3 rats
63 creatures vanquished.

Notes
Turn   | Place    | Note
-------+----------+-------------------------------------------
     0 | D:1      | erker the Octopode Earth Elementalist began the quest for
                  | the Orb.
     0 | D:1      | Reached XP level 1. HP: 11/11 MP: 3/3
   383 | D:1      | Reached XP level 2. HP: 17/17 MP: 1/5
   386 | D:1      | Learned a level 2 spell: Passwall
   566 | D:1      | Found a faded altar of an unknown god.
  1109 | D:2      | Noticed Robin
  1191 | D:2      | Reached XP level 3. HP: 21/21 MP: 6/6
  1562 | D:2      | Reached skill level 1 in Short Blades
  1623 | D:2      | Reached XP level 4. HP: 17/27 MP: 3/7
  1948 | D:2      | Learned a level 2 spell: Blink
  2208 | D:2      | Killed Robin
  2362 | D:2      | Reached XP level 5. HP: 31/31 MP: 4/8
  3033 | D:4      | Found the +1 Delatra's gloves {ID++}
  3059 | D:4      | Found a staircase to the Ecumenical Temple.
  3069 | Temple   | Entered the Ecumenical Temple
  3171 | Temple   | Became a worshipper of Sif Muna the Loreminder
  3544 | D:4      | Found a sacrificial altar of Ru.
  3631 | D:4      | Slain by a scorpion

Illustrated notes

Levels and vault maps discovered:
D:1:      onia_arrival_pentagram, layout_basic, shapermc_ecumenical_altar_gd,
          minmay_3d_cube
D:2:      layout_basic, uniq_robin
D:3:      layout_rooms
D:4:      layout_basic, nicolae_uskayaw_en_pointe, mainiacjoe_overflow_brackets,
          temple_doors_e, hangedman_decor_lopped
Temple:   compressed_dpeg_circular_temple

Skill      XL: |  1  2  3  4  5 |
---------------+----------------+-----
Stealth        | 3 4 |  4.0
Short Blades   | 1 2 |  2.0
Earth Magic    | 4 |  4.0
Transmutations | 2 3 |  3.7
Dodging        | |  2.0
Spellcasting   | |  2.0

Action                   |  1- 3 |  4- 6 || total
-------------------------+-------+-------++-------
Melee: Unarmed           |    15 |       ||    15
       Constrict         |     8 |    13 ||    21
       Tentacles         |     8 |    13 ||    21
       Dagger            |    18 |    64 ||    82
 Cast: Sandblast         |    18 |    27 ||    45
       Passwall          |     1 |     8 ||     9
 Stab: Sleeping          |     7 |    12 ||    19
Armor: Skin              |     2 |     4 ||     6
Dodge: Dodged            |    26 |    29 ||    55
